AoeStats
← Tretri

Lombardia

509363091Analyzed
2v2 RM · 6d ago on Sep 26, 2026· 35m 8s· 4 players
Game mode
Random Map
Map size
Medium (4 player)
Population
200
Speed
Normal
Resources
Standard
Victory
Conquest
Starting age
Dark Age
Ending age
Imperial Age
RankedLock teamsTeams togetherTeam positionsShared explorationLock speedFull tech treeHidden civsTurbo modeCheats
Victory
Defeat
🇹🇷 Sicilians · Türkiye
1306
+13
🇹🇷 Byzantines · Türkiye
1238
+16
🇷🇺 Varangians · Russia
1255
-15
🇺🇦 Magyars · Ukraine
1230
-14
Tretri
7:48 Loom
10:08 Feudal Age
11:14 Horse Collar
11:20 Double-Bit Axe
20:38 Castle Age
19:36 Fletching
20:30 Padded Archer Armor
22:06 Bodkin Arrow
23:09 Gold Mining
25:47 Wheelbarrow
33:19 Hand Cart
Fiery Dwarf
5:35 Loom
9:42 Feudal Age
11:10 Double-Bit Axe
12:38 Bloodlines
14:57 Scale Barding Armor
19:14 Wheelbarrow
23:09 Castle Age
22:34 Forging
24:31 Chain Barding Armor
32:05 Husbandry
Trazbon
5:55 Loom
5:58 Loom
9:50 Feudal Age
10:17 Double-Bit Axe
10:50 Horse Collar
14:11 Scale Barding Armor
17:19 Forging
21:44 Castle Age
20:21 Fletching
20:31 Padded Archer Armor
21:28 Gold Mining
22:39 Bodkin Arrow
23:18 Husbandry
23:29 Bloodlines
26:39 Bow Saw
29:44 Leather Archer Armor
31:44 Heavy Plow
33:20 Ballistics
33:44 Wheelbarrow
34:28 Stone Mining
35:29 Gold Shaft Mining
ReaLSesame
6:25 Loom
9:01 Feudal Age
10:11 Double-Bit Axe
14:51 Forging
15:30 Fletching
15:59 Horse Collar
17:19 Padded Archer Armor
19:51 Gold Mining
22:42 Castle Age
21:27 Scale Mail Armor
22:00 Forging
22:46 Arson
23:23 Squires
23:12 Gambesons
24:34 Bow Saw
24:27 Heavy Plow
25:38 Chain Mail Armor
29:40 Iron Casting
Connection lost

Rejoining the realm…

Still unreachable

The connection could not be restored.

Session expired

The server has moved on; the page needs a fresh start.